AoeStats
← somohano89

Oasis

509811984Analyzed
4v4 RM · 5d ago on Sep 28, 2026· 47m 3s· 8 players
Game mode
Random Map
Map size
Large (8 player)
Population
200
Speed
Normal
Resources
Standard
Victory
Conquest
Starting age
Dark Age
Ending age
Imperial Age
RankedLock teamsTeams togetherTeam positionsShared explorationLock speedFull tech treeHidden civsTurbo modeCheats
Victory
Defeat
🇦🇷 Slavs · Argentina
1201
+15
🇦🇷 Persians · Argentina
1103
+19
🇦🇷 Berbers · Argentina
1098
+19
🇲🇽 Spanish · Mexico
1071
+20
🇲🇽 Wei · Mexico
1299
-23
🇵🇪 Ethiopians · Peru
1178
-19
🇺🇸 Maya · United States
1125
-17
🇲🇽 Franks · Mexico
1057
-14
poteytor123
11:26 Feudal Age
15:13 Castle Age
13:15 Double-Bit Axe
13:28 Horse Collar
27:13 Bow Saw
28:45 Wheelbarrow
27:57 Town Watch
30:17 Hand Cart
30:56 Gold Mining
30:57 Stone Mining
34:48 Imperial Age
33:10 Scale Barding Armor
33:15 Forging
33:58 Gold Shaft Mining
33:30 Town Patrol
33:16 Loom
33:53 Bloodlines
33:43 Husbandry
34:39 Cavalier
36:32 Chain Barding Armor
36:48 Iron Casting
36:24 Savar
38:48 Plate Barding Armor
39:55 Blast Furnace
40:20 Conscription
39:21 Elite War Elephant
A pelubi
5:39 Loom
5:55 Loom
9:43 Feudal Age
10:13 Double-Bit Axe
12:14 Horse Collar
19:28 Castle Age
19:59 Fletching
20:32 Padded Archer Armor
21:16 Pikeman
22:54 Gold Mining
23:34 Bodkin Arrow
25:37 Stone Mining
27:18 Wheelbarrow
30:15 Squires
30:22 Scale Mail Armor
30:32 Forging
32:41 Bow Saw
35:41 Imperial Age
32:43 Elite Skirmisher
35:25 Scale Barding Armor
35:56 Iron Casting
36:35 Ballistics
36:35 Leather Archer Armor
37:05 Chain Barding Armor
37:52 Chemistry
36:44 Elite Boyar
38:31 Blast Furnace
38:18 Detinets
39:42 Ring Archer Armor
39:52 Plate Barding Armor
39:56 Gold Shaft Mining
39:46 Hand Cart
42:17 Town Watch
45:21 Druzhina
Beto Casela
9:20 Loom
11:43 Feudal Age
15:46 Castle Age
13:58 Double-Bit Axe
14:29 Horse Collar
22:57 Scale Barding Armor
26:56 Husbandry
29:06 Wheelbarrow
28:36 Gold Mining
29:00 Bow Saw
28:59 Town Watch
29:30 Bloodlines
29:32 Forging
29:42 Heavy Plow
30:42 Gold Shaft Mining
32:03 Chain Barding Armor
33:18 Hand Cart
36:34 Imperial Age
35:02 Stone Mining
36:03 Iron Casting
36:44 Heavy Camel Rider
36:45 Cavalier
38:14 Plate Barding Armor
39:43 Fletching
40:54 Blast Furnace
43:30 Town Patrol
43:32 Scale Mail Armor
43:32 Padded Archer Armor
43:23 Fletching
43:36 Kasbah
44:01 Conscription
48:35 Chemistry
47:56 Ballistics
47:17 Treadmill Crane
47:48 Masonry
47:44 Siege Engineers
47:34 Murder Holes
47:26 Arrowslits
47:31 Guard Tower
47:52 Fortified Wall
47:52 Clinker Construction
crepaz
1:04 Loom
10:03 Feudal Age
8:26 Loom
21:18 Castle Age
21:07 Town Watch
11++
7:18 Loom
9:43 Feudal Age
17:48 Double-Bit Axe
18:33 Fletching
19:02 Padded Archer Armor
20:56 Horse Collar
25:58 Castle Age
24:41 Gold Mining
26:32 Forging
26:17 Stone Mining
26:35 Bodkin Arrow
26:01 Crossbowman
27:35 Leather Archer Armor
29:55 Thumb Ring
31:29 Ballistics
37:13 Imperial Age
35:51 Bow Saw
36:53 Murder Holes
37:50 Squires
38:07 Bracer
38:38 Ring Archer Armor
39:42 Chemistry
39:52 Scale Mail Armor
41:13 Wheelbarrow
40:41 Arbalester
42:11 Town Watch
RickySuSo
5:11 Loom
12:50 Feudal Age
13:23 Double-Bit Axe
19:49 Horse Collar
23:33 Castle Age
23:04 Fletching
23:16 Padded Archer Armor
23:37 Crossbowman
24:56 Thumb Ring
26:54 Wheelbarrow
26:31 Gold Mining
27:58 Leather Archer Armor
28:04 Town Watch
30:41 Bodkin Arrow
30:49 Heavy Plow
33:10 Ballistics
34:25 Hand Cart
34:57 Town Patrol
41:42 Imperial Age
39:00 Pikeman
39:40 Squires
39:26 Arson
39:45 Scale Mail Armor
40:32 Eagle Warrior
41:57 Chain Mail Armor
41:53 Forging
42:03 Halberdier
42:05 Elite Eagle Warrior
46:19 Plate Mail Armor
46:24 Iron Casting
NTM.El_Dudu
6:16 Loom
9:24 Feudal Age
9:59 Double-Bit Axe
14:04 Forging
17:27 Scale Barding Armor
18:50 Wheelbarrow
21:18 Castle Age
19:54 Horse Collar
20:10 Gold Mining
24:06 Iron Casting
23:46 Bloodlines
23:36 Husbandry
25:54 Bow Saw
26:20 Gold Shaft Mining
27:04 Chain Barding Armor
29:54 Town Watch
30:38 Hand Cart
34:17 Heavy Plow
35:46 Town Patrol
39:08 Imperial Age
37:19 Treadmill Crane
somohano89
1:52 Loom
12:15 Feudal Age
Connection lost

Rejoining the realm…

Still unreachable

The connection could not be restored.

Session expired

The server has moved on; the page needs a fresh start.